 Dungeon Crawl Stone Soup version 0.24-a0-580-g6a6c3f83c1 (webtiles) character file.

Game seed: 17022665343347086282

192281 RedPan the Spry (level 17, 0/88 HPs)
             Began as a Spriggan Enchanter on Aug 21, 2019.
             Was the Champion of Dithmenos.
             Slain by a merfolk
             ... wielding a +2 halberd of venom
              (15 damage)
             ... on level 2 of the Shoals on Aug 22, 2019.
             The game lasted 02:18:14 (42036 turns).

RedPan the Spry (Spriggan Enchanter)               Turns: 42036, Time: 02:18:14

Health: 0/88       AC:  6    Str:  4    XL:     17   Next: 60%
Magic:  25/34      EV: 36    Int: 21    God:    Dithmenos [******]
Gold:   1587       SH: 14    Dex: 21    Spells: 12/40 levels left

rFire    + + .     SeeInvis +   V - +9 rapier (flame)
rCold    . . .     Gourm    .   b - +2 buckler {reflect}
rNeg     . . .     Faith    .   s - +2 robe {MR+}
rPois    .         Spirit   .   (helmet restricted)
rElec    .         Reflect  +   M - +1 cloak
rCorr    .         Harm     .   (gloves unavailable)
MR       +++..                  (boots unavailable)
Stlth    ++++++++++             i - +4 amulet of reflection
HPRegen  0.24/turn              G - +2 ring of slaying
MPRegen  0.24/turn              J - ring of protection from fire

@: wreathed by umbra, very quick
A: very small, unfitting armour, horns 1, see invisible, clever 1, fire
resistance 1, herbivore, speed 3, slow metabolism 2, evolution 1, subdued magic
1, sturdy frame 1
}: 1/15 runes: serpentine
a: Shadow Step, Shadow Form, Renounce Religion


You were on level 2 of the Shoals.
You worshipped Dithmenos.
Dithmenos was exalted by your worship.
You were very hungry.

You visited 5 branches of the dungeon, and saw 29 of its levels.
You also visited: Ossuary.

You collected 2620 gold pieces.
You spent 1033 gold pieces at shops.

Inventory:

Hand Weapons
 V - a +9 rapier of flaming (weapon)
Armour
 b - a +2 buckler of reflection (worn)
 s - a +2 robe of magic resistance (worn)
 x - a +2 robe of fire resistance
 M - a +1 cloak (worn)
 Q - +2 steam dragon scales
 X - a +1 robe of positive energy
Jewellery
 i - a +4 amulet of reflection (around neck)
 j - an uncursed ring of ice
 G - a +2 ring of slaying (left hand)
 J - a ring of protection from fire (right hand)
 N - an uncursed ring of positive energy
 O - the ring of Demobb {rC+ Str-3 Dex+6}
   (You found it on level 4 of the Lair of Beasts)

   [ring of strength]

   It affects your strength (-3).
   It affects your dexterity (+6).
   It protects you from cold.
 P - an uncursed ring of protection from fire
 R - an uncursed ring of flight
 W - an uncursed ring of wizardry
Wands
 a - a wand of iceblast (23)
 c - a wand of flame (34)
 t - a wand of acid (12)
 u - a wand of enslavement (27)
 C - a wand of digging (2)
 D - a wand of polymorph (18)
 F - a wand of paralysis (37)
 I - a wand of disintegration (21)
 K - a wand of scattershot (8)
 U - a wand of random effects (22)
Scrolls
 f - 7 scrolls of teleportation
 k - 3 scrolls of magic mapping
 l - 6 scrolls of amnesia
 p - 5 scrolls of fog
 q - 2 scrolls of blinking
 y - 14 scrolls of identify
 A - 5 scrolls of remove curse
 B - a scroll of fear
 S - a scroll of summoning
 Y - 2 scrolls of enchant weapon
Potions
 e - 8 potions of flight
 g - 4 potions of brilliance
 h - 3 potions of might
 m - a potion of heal wounds
 n - 6 potions of lignification
 o - 5 potions of curing
 r - 3 potions of resistance
 v - 3 potions of mutation
 z - 6 potions of agility
 E - 8 potions of haste
 L - a potion of cancellation
 T - 3 potions of ambrosia
Comestibles
 d - 19 rations


   Skills:
 + Level 9.8 Fighting
 - Level 14.0 Short Blades
 + Level 19.7 Dodging
 - Level 17.0 Stealth
 - Level 5.0 Shields
 - Level 12.1 Spellcasting
 - Level 13.0 Hexes
 - Level 10.0 Transmutations
 - Level 5.0 Ice Magic
 - Level 5.0 Earth Magic
 - Level 5.0 Invocations
 + Level 7.2 Evocations


You had 12 spell levels left.
You knew the following spells:

 Your Spells              Type           Power        Failure   Level  Hunger
a - Confuse               Hex            ######..     1%          3    None
b - Ensorcelled Hibernat  Hex/Ice        #####.       1%          2    None
c - Invisibility          Hex            ######..     3%          6    #####..
d - Dazzling Spray        Conj/Hex       ####..       1%          3    None
e - Yara's Violent Unrav  Hex/Tmut       #####.....   1%          5    ####...
f - Metabolic Englaciati  Hex/Ice        #####.....   3%          5    ####...
g - Petrify               Tmut/Erth      ####....     1%          4    None

Your spell library contained the following spells:

 Spells                   Type           Power        Failure   Level  Hunger
 Confusing Touch          Hex            ######       0%          1    None
 Corona                   Hex            ######.      0%          1    None
 Tukima's Dance           Hex            ######..     1%          3    None
 Leda's Liquefaction      Hex/Erth       #####.....   1%          4    None
 Apportation              Tloc           #.....       4%          1    None
 Summon Butterflies       Summ           #.......     4%          1    None
 Stone Arrow              Conj/Erth      ###...       4%          3    None
 Corpse Rot               Necr           N/A          7%          2    None
 Hydra Form               Tmut           #####.....   13%         6    #####..
 Gell's Gravitas          Tloc           #.........   16%         3    None
 Lesser Beckoning         Tloc           #.........   16%         3    None
 Alistair's Intoxication  Tmut/Pois      ####....     19%         5    ####...
 Summon Forest            Summ/Tloc      #.........   83%         5    ####...
 Summon Hydra             Summ           #.........   100%        7    #######


Dungeon Overview and Level Annotations

Branches:
Dungeon (15/15)            Temple (0/1) D:6            Lair (6/6) D:8
 Shoals (2/4) Lair:3        Snake (4/4) Lair:2        Slime (0/5) Lair:5
    Orc (2/2) D:9             Elf (0/3) Orc:2        Vaults (0/5) D:13
 Depths (0/5) D:15        Ossuary (visited)

Altars:
Ashenzari
Cheibriados
Dithmenos
Elyvilon
Hepliaklqana
Kikubaaqudgha
Ru
Sif Muna
Trog
Xom
Yredelemnul
The Shining One
Beogh
Jiyva

Shops:
D:13 ?   Orc:1 *((   Orc:2 :**(   Snake:4 }=

Portals:
Trove: D:10 (give +4 demon trident)

Annotations:
D:10 3 runed translucent doors, Gynju's ghost, novice SpEn
D:14 Kirke


Innate Abilities, Weirdness & Mutations

You are very small and have problems with some larger weapons.
You are too small for most types of armour.
You have supernaturally acute eyesight. (SInv)
You are a herbivore.
You cover ground extremely quickly.
You need to consume almost no food.
You have a pair of small horns on your head.
Your mind is acute. (Int +2)
Your flesh is heat resistant. (rF+)
You evolve.
Your spells are a little easier to cast, but a little less powerful.
Your movements are slightly less encumbered by armour. (ER -2)


Message History

Aiming: Ensorcelled Hibernation (safe; 1% risk of failure)
Press: ? - help, Shift-Dir - straight line, f - merfolk, p - snapping turtle
Aim: a merfolk, wielding a +2 halberd of venom (black smoke, umbra, chance to defeat MR: 49%)
The merfolk resists with some effort.
The merfolk hits you with a +2 halberd of venom!!
* * * LOW HITPOINT WARNING * * *
You emit a cloud of dark smoke.
You are lethally poisoned!
You block the snapping turtle's attack.
Unknown command.
You feel better. You block the merfolk's attack.
The snapping turtle misses you.
Casting: Ensorcelled Hibernation (safe; 1% risk of failure)
Confirm with . or Enter, or press ? or * to list all spells.
Aiming: Ensorcelled Hibernation (safe; 1% risk of failure)
Press: ? - help, Shift-Dir - straight line, f/p - merfolk
Aim: a merfolk, wielding a +2 halberd of venom (black smoke, umbra, chance to defeat MR: 49%)
The merfolk resists with some effort.
The merfolk hits you with a +2 halberd of venom!
You die...

≈≈..≈≈≈≈≈≈≈≈≈≈≈≈≈≈≈≈≈≈≈≈≈≈≈≈≈
≈≈≈.≈≈≈≈...≈≈≈≈≈≈≈≈≈≈≈≈≈≈≈≈≈≈
....≈≈≈≈..≈≈≈≈≈≈≈≈≈≈≈≈≈≈≈≈≈≈≈
*...≈≈≈...*,,≈≈≈≈§≈§≈≈≈≈≈≈≈≈≈
**#.≈≈..#***,,,.≈≈≈≈≈≈≈≈≈≈≈≈≈
# #..≈..# *,**#..≈≈≈≈≈≈≈≈≈≈≈
##*#....###### #t§§≈≈≈≈≈≈≈≈≈≈
.###.........###§#**,≈≈≈≈≈≈≈≈
≈....≈≈≈≈.≈...#§@##..≈≈≈≈≈≈≈≈
≈≈≈≈≈≈≈≈≈≈≈≈...§§m..≈≈≈≈≈≈≈≈≈
≈≈≈≈≈≈≈≈≈≈≈≈≈≈.≈)≈≈≈≈≈≈≈≈≈≈≈≈
≈≈≈≈≈≈≈≈≈≈≈≈≈P...P≈≈≈≈≈≈≈≈≈≈≈
≈≈≈≈≈≈≈≈≈≈≈≈?....≈≈≈≈≈≈≈≈≈≈≈≈
≈$≈≈≈≈≈≈≈≈≈≈≈....≈≈≈≈≈≈≈≈≈≈≈≈
≈≈≈≈≈≈≈≈≈≈≈≈≈≈≈≈≈≈P≈≈≈≈≈≈≈≈≈≈
≈≈≈≈≈≈≈≈≈≈≈≈≈P≈≈≈P≈≈≈≈≈≈≈≈≈≈≈
≈≈≈≈≈≈≈≈≈≈≈≈≈P≈≈≈≈P≈≈≈≈≈≈≈≈≈≈


You could see a snapping turtle and a merfolk.

Vanquished Creatures
  9 nagarajas (Snake:4)
  An orc warlord (Orc:2)
  A stone giant (Orc:1)
  Azrael (D:13)
  3 merfolk impalers
  A fire dragon (Lair:6)
  12 naga warriors
  A rakshasa (D:15)
  Erolcha (D:13)
  3 centaur warriors
  8 hydras
  10 two-headed ogres
  An ogre mage (D:13)
  13 anacondas
  A merfolk avatar (Shoals:2)
  A satyr (Shoals:2)
  2 tengu warriors (D:15)
  4 orc high priests (Orc:2)
  6 shock serpents
  5 naga sharpshooters
  A deep elf knight (D:13)
  Sonja (Lair:5)
  2 salamander mystics (Snake:3)
  An unseen horror (D:14)
  10 sea snakes
  4 naga ritualists
  A lindwurm (Lair:6)
  3 wizards (D:15)
  8 harpies
  A necromancer (D:15)
  3 orc knights (Orc:2)
  10 ugly things
  2 wolf spider zombies
  9 mana vipers
  2 salamanders
  3 cyclopes
  5 orc sorcerers
  4 deep elf magi
  5 manticores
  6 fauns
  49 black mambas
  Maurice (Orc:2)
  8 guardian serpents
  A centaur zombie (D:14)
  19 naga magi
  3 elephants (Lair:5)
  3 merfolk sirens
  9 spiny frogs
  A torpor snail (Lair:5)
  3 molten gargoyles (Lair:6)
  3 gargoyles
  10 komodo dragons
  4 yaktaurs (D:13)
  4 demonic crawlers (D:13)
  10 trolls
  3 meliai (D:15)
  A tengu conjurer (D:9)
  A wind drake (Shoals:1)
  13 merfolk
  A wind drake (shapeshifter) (D:14)
  5 polar bears
  16 slime creatures
  22 blink frogs
  7 hippogriffs
  4 snapping turtles
  6 dream sheep (Lair:6)
  A shadow (D:15)
  8 wyverns
  A vampire (D:10)
  4 water elementals
  A wraith (D:14)
  3 fire elementals (D:13)
  A human (D:8)
  19 yaks
  Grum (D:11)
  5 hogs
  Eustachio (D:5)
  7 vampire mosquitoes
  3 basilisks
  2 hungry ghosts
  2 steam dragons (Lair:6)
  51 nagas
  Menkaure (D:4)
  An acid dragon (D:15)
  15 water moccasins
  5 hell hounds
  36 orc warriors
  11 porcupines
  4 ice beasts
  7 sky beasts
  4 black bears
  A hornet zombie (D:15)
  An eye of draining (D:14)
  A necrophage (D:11)
  A phantom (D:14)
  10 wolves
  16 ogres
  9 centaurs
  20 crocodiles
  4 big kobolds
  14 bullfrogs
  6 water moccasin zombies (Ossuary)
  A wyvern skeleton (D:14)
  A scorpion (D:6)
  A killer bee (D:9)
  13 wights
  3 howler monkeys
  2 crimson imps
  5 lava snakes (Lair:6)
  10 hounds
  3 jellies
  2 bullfrog skeletons
  29 orc priests
  15 orc wizards
  6 centaur skeletons
  4 iguanas
  Ijyb (D:3)
  9 worker ants
  A killer bee zombie (D:10)
  3 big kobold zombies (Ossuary)
  2 hound skeletons
  2 mummies (Ossuary)
  3 worker ant zombies
  4 gnolls (D:6)
  14 adders
  A shadow imp (D:11)
  An ooze (D:1)
  4 adder zombies
  3 worms
  A dart slug (D:3)
  8 leopard geckos
  95 orcs
  A ball python (D:4)
  8 giant cockroaches
  11 goblins
  9 hobgoblins
  7 quokkas
  5 bats
  3 frilled lizards
  6 gnoll zombies (Ossuary)
  9 hobgoblin zombies (Ossuary)
  25 kobolds
  2 kobold zombies (Ossuary)
  5 orc zombies (Ossuary)
  A quokka zombie (D:6)
  7 rats
  A butterfly (Lair:2)
996 creatures vanquished.

Vanquished Creatures (others)
  A nagaraja (Snake:4)
  A naga mage (Snake:2)
  A centaur simulacrum (D:15)
  A vampire mosquito (D:15)
  A naga (Snake:3)
  A centaur (Shoals:2)
  An orc (Orc:2)
  36 fungi
  9 plants
52 creatures vanquished.

Grand Total: 1048 creatures vanquished

Notes
Turn   | Place    | Note
-------+----------+-------------------------------------------
     0 | D:1      | RedPan the Spriggan Enchanter began the quest for the Orb.
     0 | D:1      | Reached XP level 1. HP: 9/9 MP: 5/5
   172 | D:1      | Reached XP level 2. HP: 5/13 MP: 4/7
   176 | D:1      | Learned a level 2 spell: Ensorcelled Hibernation
   965 | D:1      | Reached skill level 5 in Stealth
  1139 | D:2      | Reached XP level 3. HP: 16/16 MP: 8/8
  1638 | D:2      | Learned a level 3 spell: Confuse
  1777 | D:2      | Noticed a centaur
  1782 | D:2      | Killed a centaur
  1782 | D:2      | Reached skill level 5 in Hexes
  1782 | D:2      | Reached XP level 4. HP: 1/21 MP: 6/9
  1782 | D:2      | Reached XP level 5. HP: 2/24 MP: 6/10
  2589 | D:2      | Found a shadowy altar of Dithmenos.
  2606 | D:2      | Became a worshipper of Dithmenos the Shadowed
  3028 | D:3      | Reached skill level 1 in Ice Magic
  3028 | D:3      | Reached XP level 6. HP: 28/28 MP: 4/11
  3371 | D:4      | Noticed Ijyb
  3391 | D:3      | Killed Ijyb
  3722 | D:4      | Reached * piety under Dithmenos
  3807 | D:4      | Noticed Menkaure
  3820 | D:4      | Killed Menkaure
  3820 | D:4      | Reached skill level 4 in Dodging
  3843 | D:4      | Reached XP level 7. HP: 32/32 MP: 11/13
  3943 | D:5      | Entered Level 5 of the Dungeon
  3989 | D:5      | Found a snail-covered altar of Cheibriados.
  4009 | D:5      | Reached skill level 5 in Short Blades
  4163 | D:5      | Noticed Eustachio
  4169 | D:5      | Killed Eustachio
  4169 | D:5      | Reached skill level 5 in Dodging
  4196 | D:5      | Found a white marble altar of Elyvilon.
  4452 | D:5      | Found a hazy altar of Hepliaklqana.
  4646 | D:5      | Found a bloodstained altar of Trog.
  4666 | D:5      | Learned a level 3 spell: Tukima's Dance
  4778 | D:6      | Found a sand-covered staircase.
  4785 | Ossuary  | Entered an ossuary
  4827 | Ossuary  | Reached skill level 5 in Spellcasting
  4834 | Ossuary  | Reached XP level 8. HP: 15/36 MP: 16/16
  5021 | Ossuary  | Reached skill level 6 in Dodging
  5073 | Ossuary  | Reached ** piety under Dithmenos
  5405 | D:6      | Reached skill level 1 in Fighting
  5405 | D:6      | Reached skill level 7 in Dodging
  5929 | D:6      | Found a shimmering blue altar of Sif Muna.
  6029 | D:6      | Found a staircase to the Ecumenical Temple.
  6286 | D:6      | Reached *** piety under Dithmenos
  6286 | D:6      | Reached skill level 8 in Dodging
  6286 | D:6      | Reached skill level 1 in Invocations
  6357 | D:6      | Found a sacrificial altar of Ru.
  6542 | D:6      | Learned a level 3 spell: Dazzling Spray
  6622 | D:7      | Found an ancient bone altar of Kikubaaqudgha.
  6702 | D:7      | Reached XP level 9. HP: 43/43 MP: 14/17
  7336 | D:7      | Reached skill level 9 in Dodging
  7389 | D:7      | Found a basalt altar of Yredelemnul.
  7394 | D:7      | Found a glowing golden altar of the Shining One.
  7396 | D:7      | Noticed an angel
  7684 | D:8      | Noticed a two-headed ogre
  7688 | D:8      | Killed a two-headed ogre
  7735 | D:8      | Found a shimmering altar of Xom.
  7756 | D:8      | Reached skill level 10 in Dodging
  7847 | D:8      | Found a staircase to the Lair.
  7855 | D:8      | Reached XP level 10. HP: 28/49 MP: 11/18
  8012 | D:8      | Reached **** piety under Dithmenos
  8257 | D:8      | Reached skill level 10 in Stealth
  9173 | D:8      | Reached skill level 11 in Dodging
  9335 | D:8      | Learned a level 5 spell: Yara's Violent Unravelling
  9336 | D:9      | Noticed a two-headed ogre
  9336 | D:9      | Noticed a two-headed ogre
  9337 | D:9      | Killed a two-headed ogre
  9670 | D:9      | Found a staircase to the Orcish Mines.
  9759 | D:9      | Killed a two-headed ogre
  9759 | D:9      | Reached skill level 12 in Dodging
  9759 | D:9      | Reached XP level 11. HP: 51/53 MP: 14/19
  9791 | D:9      | Found a shimmering altar of Xom.
 10262 | D:9      | Found a shattered altar of Ashenzari.
 10395 | D:10     | Entered Level 10 of the Dungeon
 10838 | D:10     | Found a runed translucent gate.
 10838 | D:10     | Found a runed translucent gate.
 10838 | D:10     | Found a runed translucent gate.
 10838 | D:10     | Noticed Gynju's ghost (novice SpEn)
 11077 | D:10     | Reached skill level 5 in Transmutations
 11090 | D:10     | Found a portal to a secret trove of treasure.
 11244 | Lair:1   | Entered Level 1 of the Lair of Beasts
 11643 | Lair:1   | Reached skill level 10 in Hexes
 11908 | Lair:1   | Reached skill level 13 in Dodging
 12206 | Lair:1   | Noticed an eight-headed hydra
 12214 | Lair:1   | Killed an eight-headed hydra
 12617 | Lair:2   | Found a staircase to the Snake Pit.
 13465 | Lair:1   | Reached XP level 12. HP: 48/58 MP: 14/23
 13833 | Lair:3   | Found a staircase to the Shoals.
 13967 | Lair:3   | You fall into a shaft and drop 1 floor!
 14133 | Lair:4   | Reached skill level 14 in Dodging
 14504 | Lair:3   | Noticed a four-headed hydra
 14513 | Lair:3   | Killed a four-headed hydra
 14668 | Lair:3   | Found a dark tunnel.
 15028 | Lair:4   | Learned a level 5 spell: Metabolic Englaciation
 15071 | Lair:4   | Got a scorched golden ring
 15073 | Lair:4   | Identified the cursed ring of Demobb {rC+ Str-3 Dex+6} (You
                  | found it on level 4 of the Lair of Beasts)
 15322 | Lair:4   | Reached skill level 15 in Stealth
 15559 | Lair:5   | Noticed a four-headed hydra
 15561 | Lair:5   | Noticed Sonja
 15568 | Lair:5   | Gained mutation: You tend to lose your temper in combat.
                  | [you]
 15568 | Lair:5   | Killed Sonja
 15934 | Lair:5   | Reached skill level 15 in Dodging
 16162 | Lair:5   | Reached skill level 10 in Transmutations
 16553 | Lair:5   | Reached XP level 13. HP: 61/61 MP: 23/26
 16632 | Lair:5   | Found a viscous altar of Jiyva.
 16633 | Lair:5   | Found a staircase to the Slime Pits.
 17265 | Lair:6   | Entered Level 6 of the Lair of Beasts
 17457 | Lair:6   | Learned a level 4 spell: Petrify
 17683 | Lair:6   | Reached skill level 1 in Earth Magic
 18301 | Lair:6   | Reached ***** piety under Dithmenos
 18360 | Lair:6   | Reached skill level 16 in Dodging
 18500 | Lair:6   | Noticed a fire dragon
 18501 | Lair:6   | Found a large runed translucent door.
 18501 | Lair:6   | Found a large runed translucent door.
 19192 | Lair:6   | Killed a fire dragon
 19192 | Lair:6   | Reached skill level 5 in Ice Magic
 19497 | Orc:1    | Entered Level 1 of the Orcish Mines
 19497 | Orc:1    | Noticed a stone giant
 19501 | Orc:1    | Killed a stone giant
 19511 | Orc:1    | Found Jel Para's Antique Weapon Boutique.
 19622 | Orc:1    | Found Ciojoni's Assorted Antiques.
 19625 | Orc:1    | Bought a glowing buckler for 247 gold pieces
 19657 | Orc:1    | Found Biochakh's Weapon Boutique.
 19672 | Orc:1    | Bought a runed short sword for 186 gold pieces
 19778 | Orc:2    | Entered Level 2 of the Orcish Mines
 19891 | Orc:2    | Reached skill level 1 in Shields
 20305 | Orc:2    | Found a staircase to the Elven Halls.
 20409 | Orc:2    | Reached XP level 14. HP: 28/66 MP: 3/27
 20823 | Orc:2    | Found Dissux's Book Boutique.
 20972 | Orc:2    | Found Luelemn's General Store.
 21204 | Orc:2    | Noticed an orc warlord
 21317 | Orc:2    | Killed an orc warlord
 21557 | Orc:2    | Lost mutation: You tend to lose your temper in combat.
                  | [potion of mutation]
 21557 | Orc:2    | Gained mutation: Your body sometimes deteriorates upon
                  | taking damage. [potion of mutation]
 21557 | Orc:2    | Gained mutation: Your movements are slightly less
                  | encumbered by armour. (ER -2) [potion of mutation]
 21557 | Orc:2    | Gained mutation: You evolve. [potion of mutation]
 21557 | Orc:2    | Gained mutation: Your mind is acute. (Int +2) [potion of
                  | mutation]
 21574 | Orc:2    | Lost mutation: Your body sometimes deteriorates upon taking
                  | damage. [evolution]
 21598 | Orc:2    | Found a roughly hewn altar of Beogh.
 21709 | Orc:2    | Reached skill level 10 in Short Blades
 21873 | Orc:2    | Bought a book of Party Tricks for 600 gold pieces
 21881 | Orc:2    | Learned a level 6 spell: Invisibility
 21923 | Orc:2    | Noticed Maurice
 21930 | Orc:2    | Killed Maurice
 22011 | Orc:2    | Found a roughly hewn altar of Beogh.
 22139 | Orc:2    | Found Vatwog's Weapon Emporium.
 22144 | Orc:2    | Reached skill level 5 in Earth Magic
 22154 | Orc:2    | Found Wunwoh's General Store.
 22282 | Orc:2    | Reached ****** piety under Dithmenos
 23145 | D:11     | Noticed Grum
 23212 | D:11     | Killed Grum
 24650 | D:12     | Reached skill level 5 in Shields
 24780 | D:13     | Noticed Erolcha
 24786 | D:13     | Killed Erolcha
 24891 | D:13     | Found Mediong's Magic Scroll Boutique.
 25045 | D:13     | Noticed Azrael
 25067 | D:13     | Killed Azrael
 25117 | D:13     | Reached skill level 5 in Fighting
 25619 | D:13     | Found a gate to the Vaults.
 25901 | D:13     | Reached XP level 15. HP: 59/72 MP: 29/29
 26309 | D:13     | You fall into a shaft and drop 2 floors!
 26309 | D:15     | Entered Level 15 of the Dungeon
 26314 | D:14     | Noticed Kirke
 26711 | D:14     | Reached skill level 10 in Spellcasting
 27134 | D:14     | Noticed a sphinx
 27526 | D:15     | Found a staircase to the Depths.
 28551 | D:15     | Gained mutation: You have a pair of small horns on your
                  | head. [evolution]
 28820 | D:15     | Gained mutation: Your spells are a little easier to cast,
                  | but a little less powerful. [mutagenic glow]
 29121 | Snake:1  | Entered Level 1 of the Snake Pit
 31944 | Snake:2  | Reached XP level 16. HP: 82/82 MP: 29/31
 32626 | Snake:3  | HP: 2/82 [naga warrior/+0 long sword (5)]
 33843 | Snake:3  | Reached skill level 17 in Dodging
 34889 | Snake:4  | Entered Level 4 of the Snake Pit
 35715 | Snake:4  | Found Asouplak's Gadget Shoppe.
 35718 | Snake:4  | Found Sowywin's Jewellery Emporium.
 35723 | Snake:4  | Reached skill level 5 in Invocations
 36856 | Snake:4  | Reached skill level 18 in Dodging
 37653 | Snake:4  | Gained mutation: Your flesh is heat resistant. (rF+)
                  | [evolution]
 37716 | Snake:4  | Reached XP level 17. HP: 87/87 MP: 33/33
 38241 | Snake:4  | HP: 3/87 [nagaraja/+2 halberd of chopping (4)]
 38252 | Snake:4  | HP: 4/87 [nagaraja/+2 halberd of chopping (6)]
 38590 | Snake:4  | Reached skill level 1 in Evocations
 39319 | Snake:4  | Reached skill level 19 in Dodging
 39946 | Snake:4  | Got a serpentine rune of Zot
 40224 | Shoals:1 | Entered Level 1 of the Shoals
 40331 | Shoals:1 | Reached skill level 5 in Evocations
 42031 | Shoals:2 | HP: 3/88 [snapping turtle (25)]
 42036 | Shoals:2 | Slain by a merfolk

Levels and vault maps discovered:
D:1:      giann_bridges, layout_rooms
D:2:      layout_loops_ring, nicolae_dithmenos_through_a_glass_darkly,
          minmay_fractal_squares_gapless_5
D:3:      layout_basic, first_ration
D:4:      layout_rooms, uniq_menkaure, uniq_ijyb
D:5:      layout_cave_pools, lemuel_crystal_altar,
          nicolae_overflow_hidden_temple, lemuel_doored_altar,
          nrook_mini_vaults, minivault_23, uniq_eustachio
D:6:      layout_basic, kennysheep_mini, minmay_temple_entry_antechambers,
          enter_ossuary_4, led_sif_pool
D:7:      layout_cave_pools, grunt_temple_overflow_holy_war,
          overflow_temple_1_default
D:8:      layout_loops_ring, due_lair_maze_entry_diamond, basic_altar,
          grunt_livestock
D:9:      layout_basic, marbit_many_paths, kennysheep_little_box, orc_0_dummy,
          minmay_between
D:10:     layout_cave_pods, gammafunk_ghost_necromancy, enter_trove_2
D:11:     layout_stronghold, grunt_ministairs_7, grunt_decor_one_mirror,
          uniq_grum
D:12:     layout_irregular_city, moated_statue, minmay_misc_feat_hallway
D:13:     layout_loops_corners, hangedman_vaults_entry_quadrant_bands,
          serial_shops, nicolae_shop_window_shopping,
          einodemon_crawler_minivault, uniq_azrael, uniq_erolcha
D:14:     layout_rooms, uniq_kirke
D:15:     grunt_enter_depths_magical_seal, layout_basic, minmay_misc_feat_rows,
          chequers_serial_rivers_micro_c
Lair:1:   layout_cave_pods, grunt_megastairs_4, infiniplex_staircase_pool
Lair:2:   layout_gridlike, dummy_snake_entry, minivault_23, lemuel_fruit_fields
Lair:3:   layout_regular_city, elwin_shoals_entry_rocks,
          nicolae_volcano_entry_lava_flow, cheibrodos_lair_lostbears
Lair:4:   layout_regular_city
Lair:5:   layout_regular_city, dpeg_slime_entry_enclosed_altar,
          serial_bayou_pond_a, grunt_megastairs_2, uniq_sonja
Lair:6:   cheibrodos_lair_end_hotspot, layout_regular_city
Shoals:1: layout_shoals
Shoals:2: layout_shoals
Snake:1:  nrook_guardian_serpent_snake_passage, layout_layer_cave
Snake:2:  layout_misc_corridors
Snake:3:  nicolae_snake_nest, layout_chambers, grunt_megastairs_3
Snake:4:  grunt_snake_rune_pools, layout_gridlike,
          hangedman_snake_corridor_split, lemuel_fruit_tree, minmay_shoptagon
Orc:1:    layout_caves, serial_shops, nicolae_shop_trees,
          nicolae_shop_behind_doors, nicolae_shop_behind_doors, uniq_erica
Orc:2:    pubby_orc_utopia, uniq_maurice

Skill      XL: |  1  2  3  4  5  6  7  8  9 10 11 12 13 14 15 16 17 |
---------------+----------------------------------------------------+-----
Spellcasting   | 3 5 6 8 9 10 11 12 | 12.1
Hexes          | 4 5 6 7 9 10 11 13 | 13.0
Stealth        | 5 7 8 9 11 13 15 17 | 17.0
Short Blades   | 2 3 4 5 7 8 9 10 12 14 | 14.0
Ice Magic      | 1 3 5 |  5.0
Dodging        | 4 5 8 10 12 13 15 16 18 19 | 19.7
Fighting       | 2 4 5 8 9 |  9.8
Invocations    | 1 3 5 |  5.0
Transmutations | 3 7 10 | 10.0
Earth Magic    | 3 5 |  5.0
Shields        | 1 5 |  5.0
Evocations     | 7 |  7.2

Action                   |  1- 3 |  4- 6 |  7- 9 | 10-12 | 13-15 | 16-18 || total
-------------------------+-------+-------+-------+-------+-------+-------++-------
Melee: Dagger            |   119 |   105 |   104 |       |     9 |       ||   337
       Rapier            |       |       |   174 |    16 |   529 |   772 ||  1491
       Short sword       |       |       |   149 |   480 |   815 |       ||  1444
       Headbutt          |       |       |       |       |    35 |   119 ||   154
       Unarmed           |       |       |       |       |    15 |       ||    15
 Cast: Corona            |     4 |       |       |       |       |       ||     4
       Ensorcelled Hiber |    17 |    23 |    31 |   157 |   240 |   133 ||   601
       Confuse           |       |     1 |     5 |    19 |    27 |    44 ||    96
       Dazzling Spray    |       |       |       |     3 |       |       ||     3
       Yara's Violent Un |       |       |       |     3 |       |       ||     3
       Metabolic Englaci |       |       |       |     1 |       |       ||     1
       Invisibility      |       |       |       |       |     5 |       ||     5
Invok: Shadow Step       |       |       |       |     9 |     3 |     2 ||    14
Evoke: Wand              |       |       |       |       |     8 |     3 ||    11
  Use: Scroll            |     8 |     7 |     8 |     9 |    12 |     6 ||    50
       Potion            |       |     1 |       |       |     5 |    10 ||    16
 Stab: Sleeping          |    19 |    25 |    43 |   129 |   258 |   110 ||   584
       Distracted        |     1 |       |     2 |     3 |    12 |     4 ||    22
       Confused          |       |     1 |     6 |    15 |    11 |    15 ||    48
       Invisible         |       |       |       |     2 |    12 |       ||    14
  Eat: Ration            |       |     1 |     3 |     5 |     9 |     6 ||    24
Armor: Robe              |     9 |     7 |    15 |     9 |     6 |     4 ||    50
       Steam dragon scal |       |       |       |       |    19 |       ||    19
Dodge: Dodged            |    67 |    50 |   273 |   340 |   748 |   442 ||  1920
Block: Other             |    13 |    14 |    47 |    57 |    11 |       ||   142
       Reflection        |     1 |     1 |     4 |       |    31 |    51 ||    88
       Buckler           |       |       |       |       |   551 |   363 ||   914

Table legend:
 A = Non-vault XP
 B = Vault XP
 C = Vault XP percentage of total XP
 D = Non-vault monster count
 E = Vault monster count
 F = Vault count percentage of total count
                 A         B        C        D         E       F
            +---------+---------+-------+---------+---------+-------
      Total |  159835 |  100868 |  38.7 |     646 |     355 |  35.5
            +---------+---------+-------+---------+---------+-------
        D:1 |      36 |       0 |   0.0 |      20 |       0 |   0.0
        D:2 |     192 |      31 |  13.9 |      28 |       5 |  15.2
        D:3 |     151 |      35 |  18.8 |      18 |       1 |   5.3
        D:4 |     183 |     157 |  46.2 |      12 |       1 |   7.7
        D:5 |     315 |     188 |  37.4 |      13 |       1 |   7.1
        D:6 |     786 |       1 |   0.1 |      17 |       1 |   5.6
        D:7 |    1071 |       0 |   0.0 |      26 |       0 |   0.0
        D:8 |    3030 |    2051 |  40.4 |      27 |      13 |  32.5
        D:9 |    3667 |     128 |   3.4 |      18 |       3 |  14.3
       D:10 |    1732 |       0 |   0.0 |      24 |       0 |   0.0
       D:11 |    2726 |     898 |  24.8 |      29 |       7 |  19.4
       D:12 |    3499 |       0 |   0.0 |      26 |       0 |   0.0
       D:13 |    6551 |   12492 |  65.6 |      33 |      27 |  45.0
       D:14 |    9023 |     196 |   2.1 |      30 |       1 |   3.2
       D:15 |   11761 |    4550 |  27.9 |      28 |       8 |  22.2
     Lair:1 |    3778 |     248 |   6.2 |      17 |       2 |  10.5
     Lair:2 |    4422 |       0 |   0.0 |      18 |       0 |   0.0
     Lair:3 |    2886 |     874 |  23.2 |      10 |       3 |  23.1
     Lair:4 |    5509 |     147 |   2.6 |      25 |       1 |   3.8
     Lair:5 |    8637 |    1447 |  14.3 |      30 |       3 |   9.1
     Lair:6 |    7250 |    8151 |  52.9 |      25 |      26 |  51.0
   Shoals:1 |   11359 |       0 |   0.0 |      24 |       0 |   0.0
   Shoals:2 |   13083 |       0 |   0.0 |      28 |       0 |   0.0
    Snake:1 |   15274 |     897 |   5.5 |      29 |       2 |   6.5
    Snake:2 |    8857 |       0 |   0.0 |      21 |       0 |   0.0
    Snake:3 |   16803 |     978 |   5.5 |      38 |       2 |   5.0
    Snake:4 |   14869 |   47742 |  76.3 |      28 |      71 |  71.7
      Orc:1 |    2385 |      30 |   1.2 |       4 |      10 |  71.4
      Orc:2 |       0 |   18983 | 100.0 |       0 |     131 | 100.0
    Ossuary |       0 |     644 | 100.0 |       0 |      36 | 100.0
            +---------+---------+-------+---------+---------+-------
